Unix NetHack Version 5.0.0-0 post-release - last build Jun 10 2026 00:39:30 (3ee93aec679c4c4259841fe613dc97188e26a321,branch:main).

Game began 2026-06-13 03:33:03, ended 2026-06-13 03:54:41.

DiePARTEI, neutral male human Tourist

                   ---  ---                                              ----
                  --.----.---                   ---         ----     -----..--
                  |...--....|         ----      |.------    |..|    --.--....|
   ---  -------   --........--        |..-----  |..--..---- |..|    |........--
  --.----.|...---  ----......--      --......|  |.........---.-|    |.........|
  |....|........--    |.......-- -----......--  |..............|    --.......--
  |-...|-........|--------.....---.|....--..|   |...........|.--    --.......|
 --....-----.....|-...|  ---...........------  --.....|..|.----     |........|
 |......--|......|..>.---- |...........|   ----|.....-|.----        |-.......|
 --......-|........---...| ---...----.-- ---..||-....||.--          |........|
 --.|.....|...--..-- |...-- |.....--------....||....--|..|         --........|
 |.----..--.------- --....---................--|.|..| --.|        --.........--
 |..---.-...|       |..............------....---.|---  |.|       --..--.|.....|
 ---......---     ---...............|   ---......|     |.--      |...|----...--
   |.--..--      --....--.--..|.--..|   ---.....--     |..--     --.[--  |...|
   |.---.|       |....-------------------.......|      |...|      |...|---.-.|
   |.....--      |....-----------.........|....--      |-.--      |-<.|......|
   |......|      ---..............--------|..---       |)----------.....--...|
   --.....|        --..------------       ----       0@i))).)).......----|..--
    ----.--         ----                               |..------------   ----
       ---                                             ----
DiePARTEI the Sightseer     St:14 Dx:12 Co:18 In:11 Wi:9 Ch:15  Neutral
Dlvl:6  $:1304 HP:0(59) Pw:22(22) AC:1  Xp:5 T:2226  Burdened

Latest messages:
 The dart hits the imp.
 The imp hits!
 "This time I shall let thee off with a spanking, but let it not happen again."
 The imp hits!
 In what direction? 6
 The dart hits the imp.
 The imp misses!
 In what direction? 6
 The dart misses the imp.
 In what direction? 6
 The dart hits the imp.
 The imp misses!
 "I first mistook thee for a statue, when I regarded thy head of stone."
 What do you want to use or apply? [l-owBJNR or ?*] l
 In what direction? 6
 The flash of light shines on the imp.
 The imp hits!
 In what direction? 6
 The dart misses the imp.
 The imp hits!
 In what direction? 6
 The dart misses the imp.
 In what direction? 6
 The dart hits the imp.
 The imp hits!
 The imp casts aspersions on your ancestry.
 In what direction? 6
 The dart hits the imp.
 You see here 4 darts.
 The imp hits!
 You have a little trouble lifting t - 4 darts (at the ready) (33 in total).
 The imp swings wildly and misses!
 "Thy gaze is so vacant, I thought thee a floating eye!"
 In what direction? 6
 The dart hits the imp.
 In what direction? 6
 The dart hits the imp.
 What do you want to use or apply? [l-owBJNR or ?*] l
 In what direction? 6
 The flash of light shines on the imp.
 The imp hits!
 In what direction? 6
 The dart misses the imp.
 You miss the imp.
 The imp hits!
 You die...
 Do you want your possessions identified? [ynq] (y) y
 Do you want to see your attributes? [ynq] (y) y
 Do you want an account of creatures vanquished? [ynaq] (y) y
 Do you want to see your conduct and achievements? [ynq] (y) q

Inventory:
 Coins    ('$')
  $ - 1304 gold pieces
 Amulets  ('"')
  M - a cursed amulet of strangulation
 Weapons  (')')
  t - 30 +0 darts (at the ready)
  s - a +0 orcish dagger
 Armor    ('[')
  O - an uncursed +1 pair of iron shoes (being worn)
  k - an uncursed +0 Hawaiian shirt with an orchid motif (being worn)
  G - an uncursed +0 banded mail (being worn)
 Comestibles  ('%')
  f - an uncursed slime mold
  n - an uncursed cream pie
  b - 10 uncursed food rations
  e - 2 uncursed tripe rations
  P - a cursed tripe ration
  c - an uncursed egg
 Scrolls  ('?')
  j - 2 uncursed scrolls of magic mapping
  y - an uncursed scroll of teleportation
 Spellbooks  ('+')
  o - an uncursed spellbook of confuse monster
  J - an uncursed spellbook of confuse monster
 Potions  ('!')
  x - an uncursed potion of blindness
  L - an uncursed potion of booze
  K - an uncursed potion of gain energy
  z - a cursed potion of hallucination
  H - an uncursed potion of invisibility
  I - an uncursed potion of sleeping
  u - 2 uncursed potions of speed
  p - an uncursed potion of water
  C - an uncursed potion of water
 Rings    ('=')
  q - an uncursed ring of poison resistance
 Wands    ('/')
  w - a wand of digging (0:0)
 Tools    ('(')
  N - an empty uncursed oilskin sack
  m - an uncursed credit card
  l - an expensive camera (0:72)
  B - an uncursed leash
  R - a +0 pick-axe
 Gems/Stones  ('*')
  r - 2 uncursed worthless pieces of white glass
  Q - an uncursed worthless piece of yellow glass

DiePARTEI the Tourist's attributes:

Background:
 You were a Sightseer, a level 5 male human Tourist.
 You were neutral, on a mission for The Lady
 who was opposed by Blind Io (lawful) and Offler (chaotic).
 You were right-handed.
 You were in the Gnomish Mines, on level 6.
 You entered the dungeon 2226 turns ago.
 It was nighttime.
 You had 266 experience points, 54 more were needed to attain level 6.

Basics:
 You had 0 out of 59 hit points.
 You had all 22 energy points (spell power).
 Your armor class was 1.
 Your wallet contained 1304 zorkmids.
 Autopickup was off.

Final Characteristics:
 Your strength was 14 (limit:18/100).
 Your dexterity was 12 (limit:18).
 Your constitution was 18 (limit:18).
 Your intelligence was 11 (limit:18).
 Your wisdom was 9 (limit:18).
 Your charisma was 15 (limit:18).

Final Status:
 You weren't hungry.
 You were burdened; movement was slightly slowed.
 You were bare handed.
 You were unskilled in bare handed combat.

Final Attributes:
 You were piously aligned.
 You were warded.
 Your spell casting was impaired by metallic armor.
 You are dead.

Miscellaneous:
 You didn't encounter any bones levels.
 Total elapsed playing time was 21 minutes and 38 seconds.

Major events:
 Turn
    1: DiePARTEI the neutral male human Tourist entered the dungeon
  859: entered the Gnomish Mines
  964: attained the rank of Sightseer (level 3)
 2226: killed by an imp

Spells:
 Name                 Level Category     Fail Retention
 confuse monster        1   enchantment  100%  76%-100%

Skills:
 Fighting Skills
   bare handed combat [Unskilled]
   two weapon combat  [Unskilled]
   riding             [Unskilled]
 Weapon Skills
   dagger             [Unskilled]
   knife              [Unskilled]
   axe                [Unskilled]
   pick-axe           [Unskilled]
   short sword        [Unskilled]
   broadsword         [Unskilled]
   long sword         [Unskilled]
   two-handed sword   [Unskilled]
   saber              [Unskilled]
   mace               [Unskilled]
   morning star       [Unskilled]
   flail              [Unskilled]
   hammer             [Unskilled]
   quarterstaff       [Unskilled]
   polearms           [Unskilled]
   spear              [Unskilled]
   trident            [Unskilled]
   lance              [Unskilled]
   bow                [Unskilled]
   sling              [Unskilled]
   crossbow           [Unskilled]
   dart               [Basic]
   shuriken           [Unskilled]
   boomerang          [Unskilled]
   whip               [Unskilled]
   unicorn horn       [Unskilled]
 Spellcasting Skills
   divination spells  [Unskilled]
   enchantment spells [Unskilled]
   escape spells      [Unskilled]

Voluntary challenges:
 Character rerolling was not enabled.
 You never hit with a wielded weapon.
 You never genocided any monsters.
 You never polymorphed an object.
 You never changed form.
 You used no wishes.
Achievements:
 You entered a shop.
 You entered the Gnomish Mines.
 You attained the rank of Sightseer.

 The Dungeons of Doom: levels 1 to 5
    Level 1:
       A sink, a grave.
    Level 2:
       A potion shop.
    Level 3: "gold"
       A fountain.
       Stairs down to The Gnomish Mines.
    Level 4: "gold"
       Many fountains.
    Level 5:
 The Gnomish Mines: levels 4 to 6
    Level 4:
    Level 5:
    Level 6: <- You were here.
       Final resting place for
          you, killed by an imp.


Vanquished creatures:
  a gnome ruler
  a gnome leader
  a little dog
  a floating eye
  4 dwarves
  a rothe
  a monkey
  a dwarf zombie
 an iguana
  2 cave spiders
  2 brown molds
  a red mold
 13 gnomes
  a jackal
  2 foxes
  a goblin
  3 grid bugs
  a lichen
  2 newts
40 creatures vanquished.

No species were genocided or became extinct.

Game over:
                       ----------
                      /          \
                     /    REST    \
                    /      IN      \
                   /     PEACE      \
                  /                  \
                  |    DiePARTEI     |
                  |     1304 Au      |
                  | killed by an imp |
                  |                  |
                  |                  |
                  |                  |
                  |       2026       |
                 *|     *  *  *      | *
        _________)/\\_//(\/(/\)/\//\/|_)_______

Aloha DiePARTEI the Tourist...

You died in The Gnomish Mines on dungeon level 6 with 1941 points,
and 1304 pieces of gold, after 2226 moves.
You were level 5 with a maximum of 59 hit points when you died.

